[Event "Late-Titled-Tuesday-Blitz-September-05-2023"]
[Site "Chess.com"]
[Date "2023.09.05"]
[Round "9"]
[White "MagnusCarlsen"]
[Black "Jospem"]
[Result "1-0"]
[WhiteElo "3254"]
[BlackElo "3029"]
[TimeControl "180+1"]
[EndTime "15:46:24 PDT"]
[Termination "MagnusCarlsen won by checkmate"]

1. e4 c5 2. Nf3 d6 3. d4 cxd4 4. Nxd4 Nf6 5. Nc3 a6 6. g3 e5 7.
Nf3 Be7 8. Bg2 Nbd7 9. O-O O-O 10. Nh4 g6 11. a4 Nc5 12. Re1 Bg4 13. Bf3 Be6 14. Ng2 Rc8 15. Ne3 Ncd7 16. Bd2 Re8 17. a5 Bf8 18. Ncd5 Bxd5 19. exd5 e4 20. Bg2 Ne5 21.
Ra4 Ned7 22. Rb4 Qc7 23. Bc3 Bg7 24. Bh3 Rcd8 25. Rc4 Qb8 26. Bxd7 Nxd7 27. Bxg7 Kxg7 28. Ng4 f5 29. Qd4+ Ne5 30. Nxe5 Rxe5 31. Re3 Rd7 32.
Rb4 Qc7 33. Reb3 Qxc2 34. Rxb7 Rf7 35. Rxf7+ Kxf7 36. Rb7+ Re7 37. Rxe7+ Kxe7 38. Qg7+ Kd8 39. Qg8+ Kc7 40. Qxh7+ Kb8 41. Qh8+ Kb7 42. Qg7+ Kb8 43.
Qd4 Qe2 44. Qb6+ Ka8 45. Qc6+ Ka7 46. Qb6+ Ka8 47. Qd4 Kb7 48. h4 Kc8 49. Qh8+ Kb7 50. Qg7+ Ka8 51. Qf8+ Kb7 52. Qe7+ Ka8 53. Qxd6 Qd1+ 54.
Kh2 Qe2 55. Qc6+ Ka7 56. Qb6+ Ka8 57. d6 f4 58. gxf4 Qg4 59. Qxa6+ Kb8 60. Qb6+ Ka8 61.
Qd8+ Ka7 62. Qg5 Qf3 63. Qg3 Qd1 64. Qxg6 Qd4 65. Kg2 Qd5 66. Qg5 Qc6 67. Qe7+ Ka6 68.
Qc7 Qe8 69. Qb6# 1-0

[Event "Late-Titled-Tuesday-Blitz-September-05-2023"]
[Site "Chess.com"]
[Date "2023.09.05"]
[Round "9"]
[White "CraiggoryC"]
[Black "Maluco_do_Natal_00"]
[Result "1-0"]
[WhiteElo "2223"]
[BlackElo "1978"]
[TimeControl "180+1"]
[EndTime "15:46:25 PDT"]
[Termination "CraiggoryC won on time"]

1. e4 c5 2. Nf3 Nc6 3. d4 cxd4 4. Nxd4 Nf6 5. Nc3 e5 6. Ndb5 d6 7. Bg5 a6 8. Na3 b5 9. Bxf6 gxf6 10. Nd5 Bg7 11. Bd3 Be6 12. O-O f5 13. Qh5 Bxd5 14. exd5 Ne7 15. Bxf5 Nxf5 16. Qxf5 O-O 17. c4 Rb8 18.
Rac1 b4 19. Nc2 b3 20. axb3 Rxb3 21. Ra1 Qb6 22. Ne3 Rxb2 23. Qg4 Qd4 24. Qxd4 exd4 25. Nf5 Rb6 26. Rad1 Rb4 27. Nxd6 Be5 28. c5 Bxd6 29. cxd6 Rd8 30. Rd3 Rxd6 31. Ra3 Rb5 32. Rfa1 Rbxd5 33. Rxa6 Rxa6 34. Rxa6 d3 35. Ra1 f5 36. Kf1 Kf7 37. Rd1 Ke6 38. f4 Kd6 39. Kf2 Kc5 40. Ke3 Kc4 41.
Rc1+ Kb3 42. Kd2 Rd4 43. g3 Rd5 44. Rc3+ Kb4 45. Rxd3 Ra5 46. Rd4+ Kb3 47. Rd3+ Kc4 48.
Ke3 Ra2 49. Rd2 Ra1 50. Kf2 Rh1 51. Kg2 Ra1 52. Rd7 Ra2+ 53. Kh3 Ra5 54. Rxh7 Kd4 55. Rh5 Ke4 56. Kh4 Ra2 57. h3 Ra3 58. Rh8 Ra1 59.
Re8+ Kf3 60. Re5 1-0

[Event "Late-Titled-Tuesday-Blitz-September-05-2023"]
[Site "Chess.com"]
[Date "2023.09.05"]
[Round "9"]
[White "AndreiITrifan"]
[Black "zeitnot2006"]
[Result "1-0"]
[WhiteElo "2644"]
[BlackElo "2740"]
[TimeControl "180+1"]
[EndTime "15:46:30 PDT"]
[Termination "AndreiITrifan won by resignation"]

1. e4 c5 2. Nf3 a6 3. c4 Nc6 4. d4 cxd4 5. Nxd4 e5 6. Nc2 Nf6 7. Nc3 Bc5 8. Be2 O-O 9. O-O d6 10. b3 h6 11. Qd3 Be6 12. Rd1 Nd4 13. Nxd4 Bxd4 14. Bf3 Nd7 15. Be3 Nc5 16. Qd2 Bxe3 17. Qxe3 Qc7 18. Rd2 Rfd8 19. Rad1 b6 20. Nd5 Bxd5 21.
Rxd5 Ne6 22. Qd2 Nd4 23. Be2 Rab8 24. Bf1 b5 25. Rc1 Rdc8 26. h3 Qb6 27. Qb4 bxc4 28. Qxb6 Rxb6 29. Rxc4 Rxc4 30. Bxc4 Nb5 31. a4 Nc7 32.
Rd3 Kf8 33. Rf3 f6 34. h4 g5 35. Rxf6+ Ke7 36. Rf7+ Kd8 37. h5 d5 38. exd5 Rd6 39. Rh7 a5 40. g3 Rf6 41. Kg2 Ne8 42. Bb5 Nd6 43. Bc6 Ne4 44. f3 Nd2 45. Rd7+ Kc8 46.
Ra7 Nxf3 47. d6 Ne1+ 48. Kh3 Rxd6 49. Be4 Rd4 50. Bf5+ Kb8 51. Rxa5 Nf3 52. Kg2 Ne1+ 53. Kf2 Nd3+ 54. Bxd3 Rxd3 55. Rxe5 Rxb3 56. Re6 Ra3 57. Rxh6 Rxa4 58. Rg6 g4 59. h6 Ra2+ 60. Ke3 Rh2 61. Kf4 Kc7 62. Kxg4 Kd7 63. Kg5 Ke7 64. g4 Kf7 65. Ra6 Kf8 66. Kg6 Rc2 67. Ra8+ Ke7 68. h7 Rg2 69. h8=Q Rxg4+ 70. Kh5 1-0

[Event "Late-Titled-Tuesday-Blitz-September-05-2023"]
[Site "Chess.com"]
[Date "2023.09.05"]
[Round "9"]
[White "arminmusovic"]
[Black "farzadbfd"]
[Result "1/2-1/2"]
[WhiteElo "2542"]
[BlackElo "2680"]
[TimeControl "180+1"]
[EndTime "15:46:33 PDT"]
[Termination "Game drawn by repetition"]

1. a3 d5 2. Nc3 Nf6 3. d3 e5 4. Bg5 Be7 5. e4 c6 6. h3 O-O 7. Bd2 Re8 8. Nf3 Bc5 9. Be2 h6 10. O-O Nbd7 11. Nh2 Nf8 12. Ng4 Bxg4 13. Bxg4 dxe4 14.
dxe4 Nxg4 15. hxg4 Ne6 16. g3 Qf6 17. b4 Bd4 18.
Kg2 Rad8 19. Qf3 Qxf3+ 20. Kxf3 Ng5+ 21. Bxg5 hxg5 22. Na4 Bxa1 23. Rxa1 Rd2 24. Rc1 b6 25. Ke3 Red8 26. Nb2 f6 27. Nd3 R2xd3+ 28. cxd3 Rd6 29.
Rc3 Kf7 30. f4 gxf4+ 31. gxf4 Ke7 32. fxe5 fxe5 33. Rc1 Kd7 34. Rf1 Ke7 35. Rf5 Re6 36. d4 g6 37. Rg5 Kf6 38. Rxe5 Rxe5 39. dxe5+ Kxe5 40. g5 c5 41. bxc5 bxc5 42. a4 c4 43.
a5 a6 44. Kf3 Kd4 45. e5 Kxe5 46. Ke3 Kf5 47. Kd4 Kxg5 48. Kxc4 Kf5 49. Kc5 g5 50. Kb6 g4 51. Kxa6 g3 52. Kb7 g2 53.
a6 g1=Q 54. a7 Qg2+ 55. Kb8 Qb2+ 56. Ka8 Qa3 57. Kb8 Qb4+ 58. Ka8 Qa5 59. Kb7 Qb5+ 60. Ka8 Qc6+ 61. Kb8 Qe8+ 62. Kb7 Qd7+ 63. Kb8 Qd8+ 64. Kb7 Qd7+ 65. Kb8 Qb5+ 66. Ka8 Qd5+ 67. Kb8 Qd6+ 68.
Kb7 Qd7+ 1/2-1/2

[Event "Late-Titled-Tuesday-Blitz-September-05-2023"]
[Site "Chess.com"]
[Date "2023.09.05"]
[Round "9"]
[White "dosto07"]
[Black "realburq"]
[Result "0-1"]
[WhiteElo "2496"]
[BlackElo "2406"]
[TimeControl "180+1"]
[EndTime "15:46:34 PDT"]
[Termination "realburq won on time"]

1. e4 c5 2. Nf3 Nc6 3. Bb5 e6 4. O-O Nge7 5. Re1 Ng6 6. c3 Be7 7. d4 a6 8. Bd3 cxd4 9. cxd4 d5 10. e5 Nh4 11. Nxh4 Bxh4 12. Qg4 Kf8 13. Nd2 h5 14. Qf4 Qg5 15. Qxg5 Bxg5 16. Nf3 Be7 17. h4 Bd7 18. Bg5 Nb4 19. Red1 Bxg5 20. Nxg5 Ke7 21. a3 Nxd3 22. Rxd3 f6 23. Nf3 Rac8 24. Re1 Rc2 25. b3 Rhc8 26. exf6+ gxf6 27. Nd2 R8c3 28. Rxc3 Rxc3 29.
Re3 Rc1+ 30. Kh2 Kd6 31. Nf3 Be8 32. Kg3 Bg6 33. Kf4 Be4 34. Nd2 Rd1 35. Nxe4+ dxe4 36. Rxe4 f5 37. Re3 Rxd4+ 38. Kg5 Rg4+ 39. Kxh5 Rxg2 40.
Kh6 Ke7 41. f3 Kf7 42. h5 Rh2 43. Rc3 Kf6 44. Rc7 Rh3 45. f4 Rh4 46. Rxb7 Rxf4 47. Rb6 Rh4 48. a4 f4 49. b4 f3 50. Rc6 f2 51.
Rc1 e5 52. b5 axb5 53. axb5 e4 54. b6 e3 55. b7 Rb4 56. Rc6+ Kf5 57. Rc5+ Ke6 58.
Rc4 Rxb7 59. Re4+ Kd5 60. Rxe3 f1=Q 61. Rg3 Qf4+ 62. Rg5+ Ke4 63. Kg6 Rb6+ 64. Kh7 Qxg5 65. h6 Rb7+ 0-1

[Event "Late-Titled-Tuesday-Blitz-September-05-2023"]
[Site "Chess.com"]
[Date "2023.09.05"]
[Round "9"]
[White "AlexNovitz"]
[Black "picturesquecheck"]
[Result "0-1"]
[WhiteElo "2214"]
[BlackElo "2300"]
[TimeControl "180+1"]
[EndTime "15:46:35 PDT"]
[Termination "picturesquecheck won by resignation"]

1. e4 c5 2. Nf3 d6 3. d4 cxd4 4. Nxd4 Nf6 5. Nc3 Nc6 6. Bg5 e6 7. Ndb5 a6 8. Bxf6 gxf6 9. Nd4 Bd7 10. Nxc6 Bxc6 11. Bd3 Qb6 12. O-O Qxb2 13. Ne2 O-O-O 14.
Rb1 Qxa2 15. Nd4 Be8 16. Qf3 Be7 17. e5 d5 18. exf6 Bc5 19. Nb3 Ba7 20. Qg3 Qa3 21. Ra1 Qd6 22. Qg7 Qf8 23. Bxh7 Bc6 24. Bd3 Qxg7 25.
fxg7 Rhg8 26. Na5 Be8 27. Rfb1 Rd7 28. Nxb7 Bd4 29. Bxa6 Bxa1 30. Nc5+ Kd8 31. Nxd7 Kxd7 32. Rxa1 Ke7 33. Bd3 Rxg7 34. f4 f5 35. g3 Bh5 36.
Kf2 Kf6 37. Ra6 Rc7 38. Ra8 Bd1 39. Ra2 Bh5 40. Rb2 Bf7 41. h4 Be8 42. Rb6 Ba4 43.
Rb2 Rc3 44. Ke3 Rc7 45. Kd2 Rg7 46. Rb4 Be8 47. Rb8 Bf7 48. h5 Rxg3 49. h6 Rh3 50.
Rh8 d4 51. Ke1 Kg6 52. Kf2 Rxh6 53. Rxh6+ Kxh6 54. Kg3 Kg6 55. Be2 Kf6 56. Bd3 Be8 57.
Kf3 Bc6+ 58. Kg3 e5 59. fxe5+ Kxe5 60. Kf2 Be4 61. Ke2 Bxd3+ 62. cxd3 Kf4 63. Kf2 Kg4 64. Kg2 f4 65. Kf2 f3 66. Kf1 Kf4 67. Kf2 Kg4 68. Kf1 Kg3 69. Kg1 Kg4 70. Kf2 Kf4 71. Kf1 Ke3 72. Ke1 Kxd3 73. Kf2 Ke4 74. Kf1 d3 75. Ke1 Ke3 76. Kf1 f2 77. Kg2 Ke2 0-1

[Event "Late-Titled-Tuesday-Blitz-September-05-2023"]
[Site "Chess.com"]
[Date "2023.09.05"]
[Round "9"]
[White "PepeCuenca"]
[Black "KrokerGuy"]
[Result "1-0"]
[WhiteElo "2671"]
[BlackElo "2507"]
[TimeControl "180+1"]
[EndTime "15:46:39 PDT"]
[Termination "PepeCuenca won on time"]

1. c4 e6 2. Nf3 d5 3. d4 Nf6 4. g3 dxc4 5. Bg2 a6 6. a4 Nc6 7.
e3 Rb8 8. O-O Be7 9. Nfd2 Na5 10.
Qc2 O-O 11. Nxc4 Nxc4 12. Qxc4 b5 13. Qc2 Bb7 14. Bxb7 Rxb7 15. Nd2 Qd5 16. axb5 axb5 17. Nb3 Ne4 18. f3 Nf6 19. e4 Qd7 20. Be3 Rc8 21. Rfc1 Ne8 22. Kg2 Rbb8 23. Ra7 Ra8 24. Rca1 Qd8 25.
Qc6 Rxa7 26. Rxa7 Nd6 27. Na5 Kf8 28. b3 h6 29. Qc2 Qd7 30. Kf2 Kg8 31. Nc6 Bf8 32. Ne5 Qd8 33. Qc6 f6 34. Nd3 Qe8 35. Qxe8 Nxe8 36. e5 f5 37. Bd2 Kf7 38. Bb4 Bxb4 39. Nxb4 Ke7 40. Na6 Kd7 41. Nc5+ Kc6 42.
Nxe6 Kd5 43. Nf4+ Kxd4 44. e6 Ke5 45. Rb7 g5 46. Nd3+ Kxe6 47. Rxb5 Nd6 48. Rc5 Rb8 49. b4 Rb7 50. Ke3 Kf6 51. g4 fxg4 52. fxg4 Ke6 53. Kd4 Kd7 54. Ne5+ Ke6 55. Nd3 Kd7 56. Re5 Rb5 57. Rxb5 Nxb5+ 58. Ke5 Ke7 59. Kf5 Kf7 60.
Ne5+ Kg7 61. Nc6 Kf7 62. Ne5+ Kg7 63. h3 Nc3 64. Nc6 Nd5 65. Ke4 Kf7 66. Kxd5 1-0

[Event "Late-Titled-Tuesday-Blitz-September-05-2023"]
[Site "Chess.com"]
[Date "2023.09.05"]
[Round "9"]
[White "Dr_crypt"]
[Black "Boorchess"]
[Result "0-1"]
[WhiteElo "2370"]
[BlackElo "2541"]
[TimeControl "180+1"]
[EndTime "15:46:44 PDT"]
[Termination "Boorchess won by checkmate"]

1. d4 Nf6 2. Nf3 d5 3. c4 e6 4. Nc3 a6 5. Bf4 dxc4 6. e4 b5 7.
Qc2 Nc6 8. O-O-O Bb7 9. d5 Nb4 10. Qe2 exd5 11. exd5+ Qe7 12. Bxc7 Qxe2 13. Bxe2 Nbxd5 14. Nxd5 Nxd5 15. Rhe1 Be7 16. Bd6 O-O-O 17. Bxe7 Nxe7 18.
Bxc4 Rxd1+ 19. Kxd1 Bxf3+ 20. gxf3 Rd8+ 21. Kc2 Nf5 22. Bxf7 Kc7 23. Re8 Nd4+ 24. Kc1 Nxf3 25. Rxd8 Kxd8 26.
h3 Ng5 27. Bg8 Nxh3 28. Bxh7 Nxf2 29. Kd2 Ng4 30. Bf5 Ne5 31. Kc3 Kc7 32. Kb4 Kb6 33. a4 a5+ 34. Kc3 b4+ 35. Kd4 Nc6+ 36. Kc4 Ne7 37.
Bd7 g5 38. b3 Ng6 39. Kd4 Kc7 40.
Bf5 Ne7 41. Bg4 Kd6 42. Kc4 Kc6 43. Bf3+ Kb6 44. Bg4 Ng6 45. Kd5 Nf4+ 46. Ke5 Nd3+ 47. Kf6 Nc5 48. Bd1 Kc6 49. Kxg5 Kd5 50. Kf6 Kd4 51.
Ke7 Kc3 52. Kd6 Nxb3 53. Kc6 Nd4+ 54. Kb6 b3 55. Bxb3 Nxb3 56. Kb5 Kb2 57. Kc4 Ka3 58.
Kb5 Kb2 59. Kc4 Ka2 60. Kc3 Ka3 61. Kc2 Kxa4 62. Kb1 Kb4 63. Ka2 a4 64. Kb1 Ka3 65. Kc2 Ka2 66. Kc3 a3 67. Kc2 Nc5 68. Kc1 Kb3 69. Kb1 Ne4 70. Ka1 Nf2 71. Kb1 Nd1 72. Ka1 Nb2 73. Kb1 Ka4 74. Ka2 Nc4 75. Kb1 Nd6 76. Ka2 Nb5 77. Kb1 Kb3 78. Ka1 Nd4 79. Kb1 a2+ 80. Kc1 a1=Q+ 81. Kd2 Qc3+ 82. Kd1 Qc2+ 83. Ke1 Qe2# 0-1

[Event "Late-Titled-Tuesday-Blitz-September-05-2023"]
[Site "Chess.com"]
[Date "2023.09.05"]
[Round "9"]
[White "kikoveiga"]
[Black "DeArron_Fox"]
[Result "0-1"]
[WhiteElo "2565"]
[BlackElo "2488"]
[TimeControl "180+1"]
[EndTime "15:46:47 PDT"]
[Termination "DeArron_Fox won by resignation"]

1. e4 c5 2. g3 e6 3. Bg2 d5 4.
exd5 exd5 5. d4 Nf6 6. Ne2 Nc6 7.
O-O cxd4 8. Nxd4 Be7 9. Nc3 O-O 10.
h3 Re8 11. Be3 Ne5 12. b3 Be6 13. Nce2 a6 14. Nf4 Bf8 15. Re1 Qd7 16. Nd3 Nxd3 17.
Qxd3 Bxh3 18. Bh1 h6 19. Bf4 Bc5 20. c3 Ne4 21. Bxe4 dxe4 22. Rxe4 Rxe4 23. Qxe4 Re8 24.
Qd3 Bxd4 25. cxd4 Qd5 26. f3 g5 27. Be5 g4 28. Re1 gxf3 29. Kf2 Rd8 30. Qxf3 Qxf3+ 31. Kxf3 Be6 32. Rc1 Rc8 33. Rxc8+ Bxc8 34. d5 Kf8 35. d6 Ke8 36. Ke4 Be6 37. Kd4 Kd7 38. Kc5 h5 39.
Kb6 Kc8 40. Kc5 Kd7 41. Kb6 Kc8 42. Bf4 Bd5 43. Kc5 Be6 44. Kb4 Kd7 45. Kc5 Kc8 46. Be5 Bd7 47. b4 Be6 48. a4 Bd7 49. b5 axb5 50. axb5 Be6 51. Kb6 Bd7 52. Kc5 Be6 53. b6 Kd7 54. Bf4 Bg4 55. Bg5 Bf3 56. Be7 Bc6 57.
Kd4 Bf3 58. Ke5 Bg4 59. Kf4 Kc6 60. Kg5 Kxb6 61. Kf6 Kc6 62. Kxf7 b5 63. d7 Kxd7 64. Bb4 Kc6 65. Kf6 Kd5 66. Bf8 Kc4 67. Ke5 b4 68.
Ke4 Kc3 69. Bg7+ Kc2 70. Kf4 b3 71. Kg5 b2 72. Bxb2 Kxb2 73. Kf4 Kc2 74. Ke3 Kd1 75. Kf4 Kd2 76. Kg5 Ke2 77. Kf4 Kf2 78. Kg5 Kxg3 0-1

[Event "Late-Titled-Tuesday-Blitz-September-05-2023"]
[Site "Chess.com"]
[Date "2023.09.05"]
[Round "9"]
[White "Truequitos"]
[Black "cande_francisco"]
[Result "1-0"]
[WhiteElo "2452"]
[BlackElo "2527"]
[TimeControl "180+1"]
[EndTime "15:46:51 PDT"]
[Termination "Truequitos won by resignation"]

1. e4 c5 2. Nc3 g6 3. g3 Bg7 4. Bg2 Nc6 5. d3 e6 6. Be3 Nd4 7. Qd2 Ne7 8. Nd1 b6 9. c3 Ndc6 10. Bh6 Bxh6 11. Qxh6 Ng8 12. Qd2 Bb7 13. Ne2 d5 14. exd5 exd5 15. O-O Nge7 16. d4 Qd6 17. Ne3 O-O-O 18. Nf4 cxd4 19. cxd4 Na5 20. Rfc1+ Kb8 21. b4 Nac6 22. a3 g5 23. Nfxd5 Nxd5 24. Nxd5 Ne7 25. Nxe7 Bxg2 26. Kxg2 Qxe7 27. Qe3 Qb7+ 28. Kg1 f6 29. Re1 h5 30. Qe6 h4 31. Qxf6 hxg3 32.
fxg3 Qh7 33. Qe5+ Ka8 34. Qe4+ Qxe4 35. Rxe4 Rd5 36. Rae1 Rhd8 37. Re8 Rxd4 38. Rxd8+ Rxd8 39. Kg2 g4 40. Re2 Rd3 41. Ra2 Kb7 42. h3 gxh3+ 43.
Kxh3 a5 44. b5 Rb3 45. a4 Kc7 46. Kh4 Rb4+ 47. g4 Kd7 48. Kh5 Ke7 49. g5 Kf7 50. Rc2 Rxa4 51. Rc7+ Kg8 52. Kh6 Ra1 53. Rc8+ Kf7 54.
g6+ Kf6 55. Rf8+ Ke7 56. Rf5 Rh1+ 57. Kg7 Rg1 58. Rf7+ Ke6 59. Ra7 Rg2 60. Ra6 Kd5 61.
Rxb6 Kc5 62. Rb8 a4 63. b6 a3 64. b7 Kb6 65. Ra8 Kxb7 66. Rxa3 Kc7 67. Rf3 Kd7 68. Kf7 1-0

[Event "Late-Titled-Tuesday-Blitz-September-05-2023"]
[Site "Chess.com"]
[Date "2023.09.05"]
[Round "9"]
[White "McCarthyStone"]
[Black "canary2016"]
[Result "1-0"]
[WhiteElo "2449"]
[BlackElo "2070"]
[TimeControl "180+1"]
[EndTime "15:46:53 PDT"]
[Termination "McCarthyStone won by resignation"]

1. d4 Nf6 2. g4 e6 3. g5 Nd5 4. e4 Nb6 5. a4 d5 6. a5 N6d7 7. exd5 exd5 8. Bd3 Be7 9. Nf3 O-O 10.
Nc3 Re8 11. Kf1 Nf8 12. h4 c5 13. Bf4 cxd4 14. Nxd4 Nc6 15. Ndb5 Ne6 16. Nxd5 Nxf4 17.
Nxf4 a6 18. Nc3 Qd4 19. Qf3 Bc5 20. Rd1 Bg4 21. Qg3 Bxd1 22. Nxd1 Ne5 23. Be2 Nc4 24.
Nh5 Nd2+ 25. Ke1 Qe4 26. Nf6+ gxf6 27. gxf6+ Qg6 28. Kxd2 Rad8+ 29. Bd3 Qxg3 30. fxg3 Bd4 31. Rf1 Re6 32. c3 Bxf6 33. Ne3 Red6 34. Nf5 Rxd3+ 35. Kc2 Rd2+ 36. Kb3 Bg7 37. h5 Rd1 38. Rf4 Kf8 39. h6 Be5 40. Re4 Bc7 41. Nd4 Bxa5 42. Rf4 Re1 43.
Rf6 Bc7 44. Nc2 Re2 45. Rf3 Rg2 46. Nd4 Rxg3 47. Ne6+ Ke8 48. Nxc7+ Kd7 49. Rxg3 Kxc7 50. Rg7 Rh8 51. Rxf7+ Kc6 52. Kb4 b6 53. Rf6+ Kb7 54. c4 a5+ 55. Kb5 Ka7 56. Rf7+ Ka8 57. Kxb6 Rb8+ 58.
Kxa5 Rxb2 59. Rxh7 Ra2+ 60. Kb5 Rb2+ 61. Kc6 Rc2 62.
c5 Rf2 63. Rh8+ Ka7 64. h7 Rf6+ 65. Kd5 Rf5+ 66. Ke6 Rxc5 67. Rg8 Rc6+ 68. Kd5 Rh6 69. h8=Q Rxh8 70. Rxh8 1-0

[Event "Late-Titled-Tuesday-Blitz-September-05-2023"]
[Site "Chess.com"]
[Date "2023.09.05"]
[Round "9"]
[White "GarayevKanan"]
[Black "jefferyx"]
[Result "0-1"]
[WhiteElo "2712"]
[BlackElo "3011"]
[TimeControl "180+1"]
[EndTime "15:46:56 PDT"]
[Termination "jefferyx won by checkmate"]

1. d4 d5 2. c4 e6 3. Nf3 dxc4 4. e3 Nf6 5. Bxc4 c5 6. O-O Nc6 7. Nc3 a6 8. a4 Qc7 9. Qe2 Bd6 10.
dxc5 Bxc5 11. b3 O-O 12. Bb2 b6 13. Bd3 Be7 14. Ne4 Bb7 15. Nxf6+ Bxf6 16. Bxf6 gxf6 17.
Rac1 Qe7 18. Nd4 Nxd4 19. exd4 Rfd8 20. Qg4+ Kf8 21. Bxh7 Qd6 22. Qg8+ Ke7 23. Qg3 Qxg3 24. hxg3 Rxd4 25. Rc7+ Rd7 26. Rfc1 Rd8 27. f3 a5 28. Kf2 f5 29. Rxd7+ Rxd7 30. Ke3 Kf6 31. g4 Kg7 32.
Rh1 fxg4 33. fxg4 Bxg2 34. Rh2 Bd5 35. Bc2 Rc7 36. Kd4 Rc5 37. g5 Bc6 38. Rh7+ Kg8 39.
Rh2 Rxg5 40. Bd3 Rd5+ 41. Ke3 Rc5 42. Rh4 Rc3 43. Kd4 Rxb3 44. Bh7+ Kg7 45. Ke5 Rb4 46.
Rh2 Bxa4 47. Be4 Rb5+ 48. Kd6 Rg5 49. Rh7+ Kf8 50. Rh8+ Kg7 51. Rh7+ Kg8 52. Rh4 b5 53. Ke7 Rg1 54. Bd3 b4 55. Kf6 Bb3 56. Bh7+ Kf8 57. Be4 Bd5 58. Bd3 b3 59. Rh7 Rg3 60. Rxf7+ Ke8 61.
Bb5+ Kd8 62. Ke5 Kc8 63. Kd6 Rc3 64. Ba6+ Kb8 65. Rf8+ Ka7 66. Bb5 b2 67. Rf7+ Kb6 68. Ba4 b1=Q 69. Ke5 Qb4 70. Be8 Re3+ 71. Kf6 Qf4+ 72. Ke7 Qb4+ 73. Kd8 Qd6+ 74. Bd7 Rf3 75. Rg7 Rf8# 0-1

[Event "Late-Titled-Tuesday-Blitz-September-05-2023"]
[Site "Chess.com"]
[Date "2023.09.05"]
[Round "9"]
[White "Haykoooo0o"]
[Black "Garmendiarov"]
[Result "1-0"]
[WhiteElo "2496"]
[BlackElo "2358"]
[TimeControl "180+1"]
[EndTime "15:46:59 PDT"]
[Termination "Haykoooo0o won by resignation"]

1. d4 Nf6 2. Nf3 g6 3. Bf4 Bg7 4. h3 O-O 5. e3 d6 6. c3 Nc6 7. Be2 Nd7 8. O-O e5 9. Bh2 f5 10. Na3 g5 11. Nc4 f4 12. exf4 exf4 13. Bd3 h6 14.
Re1 Nf6 15. Ncd2 Ne7 16. Qe2 Nf5 17. Qd1 Bd7 18. Qc2 Nd5 19. Qb3 c6 20. Nc4 b5 21.
Ncd2 Kh8 22. a4 a6 23. Qc2 Qf6 24. Ne4 Qg6 25. axb5 axb5 26. Rxa8 Rxa8 27. Nxd6 Qxd6 28. Bxf5 Rf8 29. Bxd7 Qxd7 30. Qe2 Qf5 31. Qe6 Qxe6 32. Rxe6 Rc8 33. g3 Kg8 34. gxf4 Nxf4 35. Bxf4 gxf4 36. Re4 Rf8 37. Re6 Rf6 38. Rxf6 Bxf6 39. Kg2 Kf7 40. Nd2 Ke6 41. Kf3 Bh4 42. Nb3 Kd5 43. Nd2 b4 44. Ke2 bxc3 45. bxc3 c5 46. dxc5 Kxc5 47. f3 Bf6 48. Kd3 Kd5 49. Ne4 Be5 50. c4+ Ke6 51.
Kc2 Kd7 52. Kb3 Kc6 53. Kb4 Bc7 54. c5 Bd8 55. Kc4 Be7 56. Kd4 Bd8 57. Ke5 Bc7+ 58. Kf5 Kd5 59. Kg6 Kd4 60. Kxh6 Ke3 61. Ng5 Bd8 62. Kh5 Kd4 63. Ne6+ Kd5 64. Nxd8 Kxc5 65. Kg4 Kd6 66. Kxf4 Kd7 67. Nb7 Ke7 68. Na5 Kf7 69. Nb3 Kg7 70. Nd4 Kg6 71. Ke4 Kf7 72. f4 Kg6 73. f5+ Kg7 74. Ke5 Kf8 75. Ne2 Kg8 76.
Ke6 Kf8 77. f6 Kg8 78. f7+ Kf8 79. Nc1 Kg7 80. Ke7 Kh7 81. f8=Q Kg6 82. Qf6+ Kh7 83. Qg5 Kh8 84. Kf7 1-0

[Event "Late-Titled-Tuesday-Blitz-September-05-2023"]
[Site "Chess.com"]
[Date "2023.09.05"]
[Round "9"]
[White "MITerryble"]
[Black "pouya21"]
[Result "1-0"]
[WhiteElo "2924"]
[BlackElo "2803"]
[TimeControl "180+1"]
[EndTime "15:47:04 PDT"]
[Termination "MITerryble won by resignation"]

1. d4 Nf6 2. Bg5 d5 3. Nd2 c5 4. dxc5 e6 5. e3 Bxc5 6. Ngf3 O-O 7. c4 h6 8. Bh4 dxc4 9. Bxc4 a6 10. Rc1 Be7 11. Be2 Nc6 12. O-O Nd5 13. Bg3 Bd7 14. Nb3 Qb6 15. Nfd2 Qa7 16. Qc2 Rac8 17. Qb1 b5 18.
Ne4 Rfd8 19. Nd6 Ra8 20. Rfd1 Qb6 21. Bh5 Be8 22. Nxe8 Rxe8 23. Bf3 Rad8 24. a3 Bg5 25. h4 Bf6 26. h5 Nde7 27. Qc2 Ne5 28. Be2 Nf5 29.
Bf4 Rxd1+ 30. Rxd1 Rd8 31. Rc1 Nc4 32. Bxc4 bxc4 33.
Qxc4 Qb5 34. Qxb5 axb5 35. Rb1 Rd3 36. Nc5 Rd5 37. Ne4 Be7 38. Nc3 Rc5 39. Rd1 Nh4 40. g3 Nf3+ 41. Kg2 Ng5 42. Rd7 Bf6 43. Bxg5 hxg5 44.
Ne4 Rc2 45. b4 Ra2 46. Rb7 Rxa3 47. Rxb5 Rb3 48. h6 Kh7 49. hxg7 Kxg7 50. Nxg5 Be7 51.
Nf3 Rxb4 52. Ra5 Rc4 53. Ra2 Rc7 54. Re2 Kg6 55. Nd4 Kg7 56. Nf3 Bf6 57. Ra2 Kg6 58. Ra4 Kg7 59. Rg4+ Kf8 60. Rf4 Ke7 61. Rb4 Rc5 62. Rb3 Kf8 63. Nd2 Kg7 64. Ne4 Re5 65. Rb4 Be7 66. Rc4 Rd5 67. Kf3 Rf5+ 68. Ke2 Rd5 69.
g4 Bh4 70. Nc3 Ra5 71. Ne4 f5 72. gxf5 exf5 73. Nd2 Bf6 74. Rc7+ Kg6 75. Rd7 Ra6 76. Kf3 Ra2 77. Nc4 Ra6 78. Rd5 Rc6 79. Nd6 Bh4 80.
Nxf5 Rf6 81. e4 Kg5 82. Ke3 Bxf2+ 83. Kxf2 Kf4 84. Rd4 Ke5 85. Rc4 Ra6 86. Kf3 1-0

[Event "Late-Titled-Tuesday-Blitz-September-05-2023"]
[Site "Chess.com"]
[Date "2023.09.05"]
[Round "9"]
[White "mishanick"]
[Black "platy3"]
[Result "0-1"]
[WhiteElo "3052"]
[BlackElo "2921"]
[TimeControl "180+1"]
[EndTime "15:47:05 PDT"]
[Termination "platy3 won by checkmate"]

1. d4 Nf6 2. c4 e6 3. Nc3 Bb4 4. e3 O-O 5. Bd3 d5 6. a3 Bxc3+ 7. bxc3 dxc4 8. Bxc4 c5 9. Ne2 Qc7 10. Qd3 b6 11. e4 Bb7 12. f3 Nc6 13. O-O Na5 14. Ba2 Rac8 15. Bg5 Nd7 16. Rac1 Nb8 17. f4 Ba6 18.
Qf3 Bc4 19. Bxc4 Nxc4 20. f5 exf5 21. Qxf5 Qd7 22. Qf3 Nc6 23. Qg3 Kh8 24. Rcd1 f6 25. Bc1 Qe7 26. Qd3 b5 27. Nf4 Rce8 28. Rfe1 Qd6 29. Qg3 cxd4 30. cxd4 Nxd4 31. Be3 Rxe4 32. Bxd4 Rxd4 33. Rxd4 Qxd4+ 34. Kh1 Qd7 35. Nh5 Ne5 36. h3 a5 37. Kh2 b4 38. axb4 axb4 39. Re4 Qb7 40.
Rxb4 Qf7 41. Nf4 Rd8 42. Ra4 g5 43. Ne2 Qc7 44. Ra3 h5 45. Rc3 Qd6 46. Kh1 Qd1+ 47. Ng1 Qf1 48. Qe3 Rd1 49. Qa7 Rd7 50. Qa8+ Kg7 51. Rc8 Qf5 52. Rg8+ Kh6 53. Rh8+ Kg6 54.
Qe8+ Rf7 55. Qg8+ Rg7 56. Qe8+ Nf7 57. Rf8 Qe5 58. Qc8 g4 59. hxg4 hxg4 60. Qxg4+ Ng5 61. Nf3 Rh7+ 62. Kg1 Qc5+ 63. Kf1 Qxf8 64. Nh4+ Kf7 65. Nf5 Rh1+ 66. Ke2 Qe8+ 67. Ne3 Qe4 68. Qd7+ Kg6 69. Kf2 Qf4+ 70. Ke2 Qe4 71. Qc8 Rh7 72. Qg8+ Rg7 73. Qc8 Re7 74. Qg8+ Kh6 75. Qf8+ Kh7 76. Kf1 Qxe3 77.
g3 Qf3+ 78. Kg1 Re1+ 79. Kh2 Rh1# 0-1

[Event "Late-Titled-Tuesday-Blitz-September-05-2023"]
[Site "Chess.com"]
[Date "2023.09.05"]
[Round "9"]
[White "Sinquefield"]
[Black "Jenia84"]
[Result "0-1"]
[WhiteElo "2449"]
[BlackElo "2354"]
[TimeControl "180+1"]
[EndTime "15:47:13 PDT"]
[Termination "Jenia84 won on time"]

1. d4 Nf6 2. Bg5 e6 3. Nf3 c5 4. e3 h6 5. Bh4 g5 6. Bg3 Nc6 7. c3 d5 8. Nbd2 Bd7 9. Bd3 Rc8 10.
Qe2 Qb6 11. Rb1 cxd4 12. exd4 Be7 13. Ne5 Nxe5 14. Bxe5 a6 15. h4 Rg8 16. hxg5 hxg5 17.
Qf3 g4 18. Qf4 Qd8 19. Rh6 Ne4 20. Nxe4 dxe4 21. Bxe4 Bg5 22. Qxg4 Bd2+ 23. Kxd2 Rxg4 24. Rh8+ Ke7 25. Rxd8 Rxd8 26. Bf3 Rg5 27. Bxb7 Rxe5 28.
dxe5 Bc6+ 29. Ke3 Bxb7 30. g4 Rh8 31. f3 Rh3 32. Rf1 Rh2 33. Rf2 Rh1 34. b4 Bd5 35.
Kd4 Rd1+ 36. Kc5 Rc1 37. Kd4 Kd7 38. a4 Kc6 39. f4 Rd1+ 40. Ke3 Re1+ 41. Kd4 Rg1 42.
g5 Rg3 43. c4 Bg2 44. b5+ axb5 45. axb5+ Kb6 46. Rb2 Bf1 47. c5+ Kc7 48. b6+ Kc8 49. b7+ Kb8 50. c6 Rd3+ 51. Ke4 Rd8 52. Ke3 Kc7 53.
Rc2 Rb8 54. Rc3 Bb5 55. Ke4 Bxc6+ 56. Ke3 Rxb7 57. f5 exf5 58. Kf4 Rb5 59. Kxf5 Kd7 60. Kf6 Be4 61. Rc4 Bg6 62. Rd4+ Ke8 63. e6 Rb6 64. Kg7 Rxe6 65. Ra4 Ke7 66. Ra7+ Kd6 67.
Ra6+ Ke5 68. Ra5+ Kf4 69. Kh6 Re5 70. Ra4+ Kf5 71. Ra6 Re3 72. Rf6+ Kg4 73. Rf1 Rh3+ 74. Kg7 Rf3 75. Rg1+ Kf5 76. Kh6 Rh3+ 77. Kg7 Rh5 78. Rf1+ Kxg5 79. Kg8 Kh6 80. Re1 f5 0-1